Map: Oxide LE

Players

Meowerdoom

  • Race: Terran Terran
  • League: Master

Ignorance - Winner!

  • Race: Protoss Protoss
  • League: Master

VOD

Have the link to the VOD?

Description

Time

  • Played on: July 28, 2021, 8:01 a.m.
  • Length: 4:26
Show
View Real Time Build Order
Export as new Build Order

Meowerdoom Terran 

Build Orders: Reaper Expand 

Get SALT Encoding   

  12  0:00  SCV  
  13  0:12  SCV  
  14  0:17  Supply Depot  
  14  0:24  SCV  
  15  0:39  SCV  
  15  0:41  Barracks  
  16  0:44  Refinery  
  16  0:51  SCV  
  17  1:03  SCV  
  18  1:15  SCV  
  19  1:28  Orbital Command, Reaper  
  20  1:39  Command Center  
  20  1:51  Barracks  
  20  1:59  SCV  
  21  2:13  SCV  
  21  2:18  Factory  
  21  2:26  SCV  
  21  2:29  Barracks Reactor  
  19  2:37  Supply Depot  
  19  2:38  SCV  
  19  2:41  Marine  
  20  2:49  Marine  
  21  2:53  SCV  
  20  3:01  Marine  
  17  3:19  Marine  
  15  3:28  SCV  
  15  3:29  Marine  
  10  3:51  Marine x2  
  10  3:52  SCV  
  9  4:05  SCV  
Show
View Real Time Build Order
Export as new Build Order

Ignorance Protoss - Winner!

Build Orders:  

Get SALT Encoding   

  12  0:00  Probe  
  13  0:12  Probe  
  14  0:24  Probe  
  15  0:31  Pylon  
  15  0:49  Gateway  
  15  0:50  Probe  
  15  0:51  Gateway  
  16  1:00  Forge  
  16  1:04  Probe  
  17  1:19  Probe  
  18  1:33  Pylon  
  18  1:36  Zealot x2 (Chrono Boost)  
  22  1:40  Probe  
  22  1:42  Assimilator  
  23  1:54  Photon Cannon  
  23  1:58  Photon Cannon  
  23  2:07  Probe  
  23  2:10  Zealot  
  25  2:20  Zealot  
  27  2:25  Pylon  
  27  2:38  Zealot  
  27  2:39  Assimilator  
  29  2:47  Probe, Zealot  
  29  2:50  Cybernetics Core  
  32  3:03  Probe  
  32  3:05  Zealot  
  35  3:07  Pylon  
  31  3:15  Zealot  
  31  3:32  Zealot  
  29  3:42  Zealot (Chrono Boost)  
  31  3:51  Gateway  
  29  3:56  Stalker (Chrono Boost)  
  31  4:05  Shield Battery  
Tags
 
Add a new tag
Caveats
  • Supply blocks, unpowered buildings, or Contaminate may cause inaccurate times.
  • Supply counts are checked every 10 seconds.